 Dungeon Crawl Stone Soup version 0.24-a0-493-g7e4ddcd485 (webtiles) character file.

Game seed: 13715609566374345859

2805 Ge0ff the Destroyer (level 9, -2/50 HPs)
             Began as a Tengu Fire Elementalist on July 12, 2019.
             Was a Believer of Sif Muna.
             Splashed by an orc's acid (10 damage)
             ... on level 6 of the Dungeon.
             The game lasted 00:30:39 (9719 turns).

Ge0ff the Destroyer (Tengu Fire Elementalist)       Turns: 9719, Time: 00:30:40

Health: -2/50      AC:  0    Str:  8    XL:     9   Next: 72%
Magic:  3/16       EV: 17    Int: 18    God:    Sif Muna [**....]
Gold:   159        SH:  5    Dex: 16    Spells: 3/16 levels left

rFire    . . .     SeeInvis .   a - +3 dagger (freeze) {don't train}
rCold    . . .     Gourm    .   N - +0 buckler
rNeg     + . .     Faith    .   Q - +2 robe {rN+}
rPois    .         Spirit   .   (helmet restricted)
rElec    .         Reflect  .   (no cloak)
rCorr    .         Harm     .   (no gloves)
MR       .....                  (boots unavailable)
Stlth    ++........             (no amulet)
HPRegen  0.16/turn              (no ring)
MPRegen  0.15/turn              (no ring)

@: corroded, flying quickly and evasively, quick
A: beak, talons 3, able to fly
a: Stop Flying, Channel Magic, Renounce Religion


You were on level 6 of the Dungeon.
You worshipped Sif Muna.
Sif Muna was pleased with you.
You were not hungry.

You visited 2 branches of the dungeon, and saw 7 of its levels.
You also visited: Sewer.

You collected 355 gold pieces.
You spent 196 gold pieces at shops.

Inventory:

Hand Weapons
 a - a +3 dagger of freezing (weapon) {don't train}
Missiles
 v - 51 arrows
 K - 66 stones (quivered) {don't train}
 T - 5 boomerangs
Armour
 N - a +0 buckler (worn)
 Q - a +2 robe of positive energy (worn)
Wands
 e - a wand of enslavement (6)
Scrolls
 i - a scroll of identify
 m - a scroll of magic mapping
 B - a scroll of blinking
 C - 5 scrolls of remove curse
 E - 3 scrolls of fear
 F - 3 scrolls of fog
 O - a scroll of silence {unknown}
 V - a scroll of amnesia {unknown}
 X - 4 scrolls of teleportation
 Y - a scroll of immolation {unknown}
 Z - a scroll of enchant armour
Potions
 q - 4 potions of curing
 s - 3 potions of cancellation {unknown}
 J - a potion of magic {unknown}
 L - 4 potions of flight {unknown}
 M - a potion of berserk rage {unknown}
 P - a potion of brilliance {unknown}
 R - 5 potions of mutation {unknown}
 S - a potion of agility {unknown}
 W - 2 potions of heal wounds {!q}
Comestibles
 r - 14 rations
 U - 4 chunks of flesh


   Skills:
 - Level 3.1 Fighting
 + Level 3.6 Dodging
 - Level 3.0 Stealth
 - Level 4.1 Shields
 + Level 4.4 Spellcasting
 * Level 9.6 Conjurations
 * Level 8.7 Fire Magic


You had 3 spell levels left.
You knew the following spells:

 Your Spells              Type           Power        Failure   Level  Hunger
d - Conjure Flame         Conj/Fire      #####...     1%          3    ###....
j - Sticky Flame          Conj/Fire      #####...     3%          4    ####...
k - Flame Tongue          Conj/Fire      #####        1%          1    None
m - Fireball              Conj/Fire      #####.....   9%          5    ######.

Your spell library contained the following spells:

 Spells                   Type           Power        Failure   Level  Hunger
 Throw Flame              Conj/Fire      #####.       1%          2    #......
 Inner Flame              Hex/Fire       ###.....     7%          3    ###....


Dungeon Overview and Level Annotations

Branches:
Dungeon (6/15)             Temple (1/1) D:4

Altars:
Ashenzari
Cheibriados
Dithmenos
Elyvilon
Fedhas
Gozag
Hepliaklqana
Okawaru
Qazlal
Ru
Sif Muna
Trog
Uskayaw
Wu Jian
Xom
Yredelemnul
Zin
The Shining One

Shops:
D:5 ?


Innate Abilities, Weirdness & Mutations

You have a beak for a mouth.
You have claws for feet.
You can fly continuously.


Message History

Things that are here:
a +0 club {don't train}; a +0 robe There isn't anything to butcher here.
Items here: ) [ †† a +0 chain mail; a +0 club {don't train}; an orc corpse x2
Butcher an orc corpse? [(y)es/(n)o/(a)ll/(q)uit/?]
You butcher the orc corpse. x2
Items here: %% ) [ ÷÷ Eat one of 4 chunks of flesh? (ye/n/q)
You eat one of the 4 chunks of flesh.
An orc comes into view.
It is wielding a +0 morningstar and carrying a wand of acid (8).
U - a chunk of flesh;
U - 4 chunks of flesh (gained 3)
The crimson imp blinks!
The orc zaps a wand.
The bolt of acid hits you!!
Ouch! That really hurt!
* * * LOW HITPOINT WARNING * * *
The acid corrodes you!
You are splashed with acid!
You die...

#.## #..# #... #... ######...
#.# ###.......# #.#
##.........# # #.#
########>.#.....#.. #. #.#
##.@..5...##..####.. #..
#####.###o.#########.......#
#.###.......[)## ###..###..#
#...#.........########...##
#..) #...........##.......###
##.. ##.##########.>#######
#.# #..## ##..## ####.. ##..##
##..## ######....#
####..####..########.........#


You could see a crimson imp and an orc.

Vanquished Creatures
  A two-headed ogre (D:5)
  Grinder (D:6)
  A water moccasin (D:6)
  An ice beast (D:6)
  3 ogres
  A phantom (D:5)
  A bullfrog (D:6)
  2 scorpions
  2 howler monkeys (D:5)
  3 crimson imps
  4 hounds
  A bullfrog skeleton (D:5)
  6 orc wizards
  3 orc priests
  An iguana (D:5)
  2 gnoll shamans
  A centaur skeleton (D:5)
  Natasha (twice) (D:2)
  4 worker ants
  2 hound skeletons
  14 gnolls
  7 adders
  A shadow imp (D:6)
  5 oozes
  9 worms
  A dart slug (D:2)
  3 leopard geckos
  17 orcs
  12 giant cockroaches
  9 hobgoblins
  10 jackals
  2 quokkas
  5 ball pythons
  15 bats
  13 frilled lizards
  10 goblins
  7 kobolds
  A leopard gecko skeleton (D:4)
  A quokka skeleton (D:6)
  9 rats
193 creatures vanquished.

Notes
Turn   | Place    | Note
-------+----------+-------------------------------------------
     0 | D:1      | Ge0ff the Tengu Fire Elementalist began the quest for the
                  | Orb.
     0 | D:1      | Reached XP level 1. HP: 10/10 MP: 4/4
   295 | D:1      | Reached skill level 2 in Conjurations
   295 | D:1      | Reached XP level 2. HP: 16/16 MP: 0/6
   500 | D:1      | Found a shimmering altar of Xom.
  1069 | D:1      | Reached XP level 3. HP: 20/20 MP: 3/7
  1283 | D:2      | Reached skill level 1 in Fighting
  1398 | D:2      | Noticed Natasha
  1404 | D:2      | Killed Natasha
  1404 | D:2      | Reached skill level 3 in Conjurations
  1663 | D:2      | Reached XP level 4. HP: 25/25 MP: 4/8
  1767 | D:2      | Found an ornate altar of the Wu Jian Council.
  2173 | D:2      | Noticed Natasha
  2180 | D:2      | Killed Natasha
  2180 | D:2      | Reached skill level 4 in Conjurations
  2336 | D:2      | Found a blossoming altar of Fedhas.
  2393 | D:2      | Gained mutation: You can fly continuously. [Tengu growth]
  2393 | D:2      | Reached XP level 5. HP: 29/29 MP: 7/9
  2941 | D:3      | Learned a level 3 spell: Conjure Flame
  2946 | D:3      | Learned a level 4 spell: Sticky Flame
  3514 | D:3      | Reached skill level 5 in Fire Magic
  4096 | D:3      | Reached skill level 5 in Conjurations
  4096 | D:3      | Reached XP level 6. HP: 34/34 MP: 6/10
  4984 | D:4      | Found a staircase to the Ecumenical Temple.
  4996 | Temple   | Entered the Ecumenical Temple
  5001 | Temple   | Became a worshipper of Sif Muna the Loreminder
  5106 | D:4      | Found a snail-covered altar of Cheibriados.
  5124 | D:4      | Reached skill level 6 in Conjurations
  5124 | D:4      | Reached XP level 7. HP: 29/38 MP: 12/12
  5912 | D:4      | Found a white marble altar of Elyvilon.
  5967 | D:5      | Entered Level 5 of the Dungeon
  6018 | D:5      | Found a glowing drain.
  6191 | Sewer    | Entered a sewer
  6194 | Sewer    | Reached * piety under Sif Muna
  7027 | D:5      | Found a glowing golden altar of the Shining One.
  7037 | D:5      | Found a shattered altar of Ashenzari.
  7232 | D:5      | Reached XP level 8. HP: 44/44 MP: 10/13
  7447 | D:5      | Reached skill level 7 in Conjurations
  7642 | D:5      | Noticed a two-headed ogre
  7650 | D:5      | Reached skill level 1 in Shields
  7693 | D:5      | Found Eceiva's Magic Scroll Shoppe.
  8104 | D:5      | Reached ** piety under Sif Muna
  8528 | D:5      | Bought a scroll of teleportation for 42 gold pieces
  8528 | D:5      | Bought a scroll of magic mapping for 49 gold pieces
  8528 | D:5      | Bought a scroll of blinking for 105 gold pieces
  8648 | D:5      | Killed a two-headed ogre
  8648 | D:5      | Reached skill level 8 in Conjurations
  8648 | D:5      | Reached XP level 9. HP: 50/50 MP: 2/15
  9177 | D:6      | Reached skill level 9 in Conjurations
  9420 | D:6      | Learned a level 5 spell: Fireball
  9644 | D:6      | Found an iron altar of Okawaru.
  9689 | D:6      | Noticed Grinder
  9692 | D:6      | Paralysed by Grinder for 6 turns
  9699 | D:6      | Killed Grinder
  9719 | D:6      | Splashed by an orc's acid

Levels and vault maps discovered:
D:1:      minmay_arrival_diagonal_passages, layout_basic, xom_teletrap_fun
D:2:      layout_loops_ring, nicolae_overflow_crystal_walls,
          fedhas_ov_isle_minmay, st_stairs_1, uniq_natasha
D:3:      layout_basic
D:4:      layout_gridville, cheibriados_altar_1, nicolae_overflow_hidden_temple,
          minmay_temple_entry_sparse_star
D:5:      layout_loops_ring, amethyst_overflow_temple_binary, serial_shops,
          nicolae_shop_stone, cheibrodos_sewer_entry_drain, first_ration,
          minmay_misc_feat_hallway, minmay_manual_monstrance
D:6:      layout_rooms, marbit_many_paths, uniq_grinder
Temple:   minmay_freezing_vapour_temple

Skill      XL: |  1  2  3  4  5  6  7  8  9 |
---------------+----------------------------+-----
Conjurations   | 2 3 4 5 6 8 9 |  9.6
Fighting       | 1 3 |  3.1
Fire Magic     | 4 5 6 7 8 |  8.7
Spellcasting   | 3 4 |  4.4
Dodging        | 3 |  3.6
Shields        | 3 4 |  4.1
Stealth        | 3 |  3.0

Action                   |  1- 3 |  4- 6 |  7- 9 || total
-------------------------+-------+-------+-------++-------
Melee: Unarmed           |     2 |       |       ||     2
       Dagger            |     3 |    29 |    83 ||   115
       Kick              |     1 |     9 |    15 ||    25
       Peck              |       |     2 |    13 ||    15
Throw: Stone             |    15 |    37 |    60 ||   112
       Boomerang         |       |       |    32 ||    32
 Cast: Flame Tongue      |    51 |    92 |   238 ||   381
       Sticky Flame      |       |     5 |    10 ||    15
       Conjure Flame     |       |     1 |     7 ||     8
 Abil: Fly               |       |     1 |       ||     1
  Use: Scroll            |       |     1 |    11 ||    12
 Stab: Sleeping          |       |     3 |     1 ||     4
  Eat: Chunk             |     3 |    13 |    16 ||    32
Armor: Robe              |     3 |     5 |    21 ||    29
Dodge: Dodged            |    18 |    46 |   115 ||   179
Block: Buckler           |       |       |     9 ||     9

Table legend:
 A = Non-vault XP
 B = Vault XP
 C = Vault XP percentage of total XP
 D = Non-vault monster count
 E = Vault monster count
 F = Vault count percentage of total count
                 A         B        C        D         E       F
            +---------+---------+-------+---------+---------+-------
      Total |    2591 |    1417 |  35.4 |     153 |      40 |  20.7
            +---------+---------+-------+---------+---------+-------
        D:1 |      36 |       0 |   0.0 |      22 |       0 |   0.0
        D:2 |      97 |      37 |  27.6 |      25 |       3 |  10.7
        D:3 |     195 |       0 |   0.0 |      23 |       0 |   0.0
        D:4 |     457 |       0 |   0.0 |      29 |       0 |   0.0
        D:5 |     799 |     974 |  54.9 |      29 |       8 |  21.6
        D:6 |    1007 |     327 |  24.5 |      25 |       2 |   7.4
      Sewer |       0 |      79 | 100.0 |       0 |      27 | 100.0
            +---------+---------+-------+---------+---------+-------

Levels and vault maps discovered:
D:1:      minmay_arrival_diagonal_passages, layout_basic, xom_teletrap_fun
D:2:      layout_loops_ring, nicolae_overflow_crystal_walls,
          fedhas_ov_isle_minmay, st_stairs_1, uniq_natasha
D:3:      layout_basic
D:4:      layout_gridville, cheibriados_altar_1, nicolae_overflow_hidden_temple,
          minmay_temple_entry_sparse_star
D:5:      layout_loops_ring, amethyst_overflow_temple_binary, serial_shops,
          nicolae_shop_stone, cheibrodos_sewer_entry_drain, first_ration,
          minmay_misc_feat_hallway, minmay_manual_monstrance
D:6:      layout_rooms, marbit_many_paths, uniq_grinder
Temple:   minmay_freezing_vapour_temple
